AoeStats
← Horizon

Black Forest

507594225Analyzed
4v4 RM · 14d ago on Sep 18, 2026· 53m 45s· 8 players
Game mode
Random Map
Map size
Large (8 player)
Population
200
Speed
Normal
Resources
Standard
Victory
Conquest
Starting age
Dark Age
Ending age
Imperial Age
RankedLock teamsTeams togetherTeam positionsShared explorationLock speedFull tech treeHidden civsTurbo modeCheats
Victory
Defeat
🇵🇰 Khmer · Pakistan
1499
+15
🇩🇪 Saracens · Germany
1468
+16
🇨🇦 Italians · Canada
1426
+18
🇰🇷 Ethiopians · South Korea
1272
+24
🇨🇦 Persians · Canada
1532
-21
🇧🇷 Tupi · Brazil
1490
-19
🇲🇽 Magyars · Mexico
1430
-17
🇹🇷 Bohemians · Türkiye
1404
-16
CrashTag
0:45 Loom
10:31 Feudal Age
10:32 Man-at-Arms
12:22 Double-Bit Axe
16:26 Wheelbarrow
17:47 Town Watch
22:10 Castle Age
24:50 Hand Cart
27:36 Town Patrol
34:46 Imperial Age
33:36 Padded Archer Armor
33:26 Fletching
34:11 Thumb Ring
34:14 Horse Collar
34:23 Elite Skirmisher
35:36 Bodkin Arrow
36:24 Leather Archer Armor
36:22 Heavy Plow
37:49 Bow Saw
41:12 Chemistry
40:37 Ballistics
41:02 Conscription
42:04 Siege Engineers
43:50 Two-Man Saw
43:30 Crop Rotation
44:50 Coinage
45:09 Ring Archer Armor
44:39 Bracer
46:55 Recurve Bow
47:23 Bracer
48:02 Parthian Tactics
46:57 Heavy Cavalry Archer
47:57 Scale Barding Armor
48:51 Caravan
49:37 Husbandry
50:14 Bloodlines
SeiyaPegasus
10:37 Feudal Age
11:03 Loom
14:36 Castle Age
13:11 Double-Bit Axe
14:41 Fletching
15:51 Wheelbarrow
16:38 Horse Collar
20:14 Bodkin Arrow
24:43 Gold Mining
27:47 Bow Saw
28:48 Hand Cart
28:45 Padded Archer Armor
29:55 Ballistics
33:24 Imperial Age
31:21 Leather Archer Armor
34:05 Bracer
34:13 Curare
34:30 Conscription
34:53 Conscription
35:58 Chemistry
36:39 Town Watch
36:17 Elite Blackwood Archer
40:24 Hoardings
40:23 Scale Mail Armor
40:53 Ring Archer Armor
40:34 Forging
42:20 Two-Man Saw
41:21 Heavy Plow
41:57 Gold Shaft Mining
41:12 Stone Mining
41:57 Pikeman
42:37 Squires
42:53 Chain Mail Armor
42:34 Halberdier
44:22 Town Patrol
44:57 Plate Mail Armor
44:43 Murder Holes
45:44 Iron Casting
47:15 Arson
48:04 Caravan
Persian Assassin
11:02 Feudal Age
14:29 Castle Age
12:59 Double-Bit Axe
13:37 Horse Collar
21:18 Bow Saw
22:05 Husbandry
26:52 Wheelbarrow
26:02 Loom
26:42 Heavy Plow
26:46 Town Watch
28:52 Hand Cart
32:19 Imperial Age
30:10 Scale Barding Armor
30:16 Forging
30:19 Bloodlines
31:14 Chain Barding Armor
31:10 Gold Mining
31:11 Stone Mining
32:38 Iron Casting
32:41 Gold Shaft Mining
32:00 Elite War Elephant
33:01 Conscription
34:03 Plate Barding Armor
33:56 Devotion
33:30 Onager
35:16 Blast Furnace
34:01 Pikeman
35:25 Halberdier
36:06 Squires
36:07 Scale Mail Armor
40:16 Chain Mail Armor
41:59 Plate Mail Armor
42:06 Crop Rotation
42:39 Two-Man Saw
43:34 Fletching
43:57 Masonry
44:02 Citadels
47:53 Architecture
47:20 Bodkin Arrow
Sem
1:01 Loom
13:36 Feudal Age
17:25 Castle Age
15:24 Horse Collar
15:29 Double-Bit Axe
15:37 Double-Bit Axe
19:41 Town Watch
24:49 Heavy Plow
28:26 Wheelbarrow
33:19 Imperial Age
32:19 Chemistry
32:04 Forging
31:55 Scale Mail Armor
34:05 Chain Mail Armor
34:26 Iron Casting
34:08 Hand Cart
33:54 Town Patrol
34:22 Houfnice
36:44 Plate Mail Armor
37:15 Blast Furnace
35:36 Pikeman
36:16 Squires
36:38 Caravan
36:33 Halberdier
41:31 Fletching
41:42 Padded Archer Armor
Ismail
0:37 Loom
13:06 Feudal Age
17:58 Double-Bit Axe
17:54 Horse Collar
22:24 Castle Age
22:19 Fletching
23:15 Wheelbarrow
23:24 Bow Saw
23:59 Wheelbarrow
23:34 Bodkin Arrow
23:02 Crossbowman
24:01 Heavy Plow
28:07 Stone Mining
28:13 Gold Mining
30:04 Caravan
29:54 Town Watch
30:46 Hand Cart
37:13 Imperial Age
35:43 Padded Archer Armor
36:40 Ballistics
36:31 Masonry
37:51 Leather Archer Armor
38:30 Pirotechnia
38:30 Thumb Ring
38:56 Bracer
40:20 Chemistry
39:52 Architecture
39:54 Ring Archer Armor
41:52 Conscription
42:04 Coinage
44:35 Banking
45:13 Two-Man Saw
48:31 Onager
Haider_435
4:55 Loom
11:14 Feudal Age
15:36 Castle Age
13:33 Double-Bit Axe
13:31 Horse Collar
25:02 Forging
28:52 Heavy Plow
30:31 Bow Saw
31:46 Fletching
33:35 Atonement
33:46 Fervor
35:07 Wheelbarrow
37:55 Imperial Age
37:47 Iron Casting
37:18 Scale Barding Armor
37:33 Bloodlines
37:24 Husbandry
38:21 Hand Cart
38:01 Gold Mining
38:22 Town Watch
38:37 Elite Mameluke
42:09 Blast Furnace
42:43 Chain Barding Armor
44:58 Plate Barding Armor
47:06 Conscription
47:09 Caravan
50:31 Light Cavalry
Horizon
11:50 Feudal Age
14:53 Castle Age
12:42 Double-Bit Axe
12:39 Horse Collar
13:29 Gold Mining
14:25 Bloodlines
15:47 Bow Saw
16:38 Husbandry
23:38 Heavy Plow
25:07 Wheelbarrow
24:18 Town Watch
25:20 Town Watch
26:12 Gold Mining
26:23 Stone Mining
26:33 Loom
27:27 Hand Cart
30:11 Imperial Age
29:20 Hand Cart
29:25 Scale Barding Armor
29:30 Forging
29:46 Bloodlines
29:36 Husbandry
30:34 Chain Barding Armor
31:01 Tusk Swords
31:23 Conscription
30:48 Elite Battle Elephant
32:29 Iron Casting
32:32 Plate Barding Armor
33:15 Caravan
34:43 Blast Furnace
35:43 Masonry
35:42 Siege Engineers
37:52 Coinage
40:30 Banking
43:48 Light Cavalry
PAWA
1:00 Loom
9:47 Feudal Age
14:24 Double-Bit Axe
15:20 Fletching
16:57 Horse Collar
18:24 Wheelbarrow
19:46 Padded Archer Armor
26:37 Castle Age
25:56 Gold Mining
26:42 Crossbowman
27:19 Bodkin Arrow
31:43 Imperial Age
29:31 Leather Archer Armor
29:48 Ballistics
32:20 Fortified Wall
31:49 Arbalester
32:30 Bracer
34:09 Chemistry
35:23 Bow Saw
39:26 Siege Engineers
40:31 Thumb Ring
42:32 Torsion Engines
53:46 Town Watch
54:19 Hand Cart
Connection lost

Rejoining the realm…

Still unreachable

The connection could not be restored.

Session expired

The server has moved on; the page needs a fresh start.